 Dungeon Crawl Stone Soup version 0.31-a0-37-g98a128e1d9 (webtiles) character file.

Game seed: 14318495474867780274

44233 Gargoyl the Cleaver (level 14, -3/138 HPs)
             Began as a Gargoyle Berserker on May 15, 2023.
             Was a Priest of Trog.
             Slain by Rupert
             ... wielding a +2 great mace of protection
              (20 damage)
             ... on level 5 of the Lair of Beasts.
             The game lasted 00:24:23 (16413 turns).

Gargoyl the Cleaver (Gargoyle Berserker)           Turns: 16413, Time: 00:24:24

Health: -3/138     AC: 29    Str: 25    XL:     14   Next: 27%
Magic:  14/14      EV: 14    Int: 12    God:    Trog [***...]
Gold:   986        SH:  0    Dex: 19    Spells: 13/13 levels left

rFire   + . .        y - +9 trident "Dups" {drain, Str+3 Int+4}
rCold   + . .        (no shield)
rNeg    + . .        u - +3 scale mail {rC+}
rPois   ∞            j - +2 helmet
rElec   +            (no cloak)
rCorr   .            c - +0 pair of gloves
SInv    .            e - +0 pair of boots
Will    +++..        (no amulet) Stlth
                     n - ring of protection from fire
HPRegen 1.43/turn    L - +6 ring of dexterity
MPRegen 0.14/turn

%: no passive effects
@: berserking, strong-willed, flying, regenerating, very quick
A: sickness immunity, AC +10, big wings, negative energy resistance 1,
electricity resistance, torment resistance 1, petrification resistance
a: Renounce Religion, Berserk, Trog's Hand


You were on level 5 of the Lair of Beasts.
You worshipped Trog.
Trog was most pleased with you.
You visited 2 branches of the dungeon, and saw 16 of its levels.
You also visited: Ossuary.

You collected 986 gold pieces.

Inventory:

Hand Weapons
 b - a +2 war axe
 o - a +0 flail
 t - a +1 falchion of holy wrath
 y - the +9 trident "Dups" (weapon) {drain, Str+3 Int+4}
   (You found it on level 3 of the Lair of Beasts)

   Str:       It affects your strength (+3).
   Int:       It affects your intelligence (+4).
Missiles
 m - 37 poisoned darts (quivered)
 v - 9 curare-tipped darts
Armour
 c - a +0 pair of gloves (worn)
 e - a +0 pair of boots (worn)
 j - a +2 helmet (worn)
 u - a +3 scale mail of cold resistance (worn)
Jewellery
 a - a ring of magical power
 d - an amulet of faith
 n - a ring of protection from fire (left hand)
 p - a ring of see invisible
 A - a +6 ring of dexterity
 L - a +6 ring of dexterity (right hand)
Wands
 l - a wand of polymorph (9)
 q - a wand of paralysis (15)
 E - a wand of flame (13)
 I - a wand of quicksilver (7)
 J - a wand of digging (6)
Scrolls
 f - 5 scrolls of fog
 i - 3 scrolls of summoning
 r - 2 scrolls of blinking
 x - 2 scrolls of fear
 B - 4 scrolls of silence
 C - 3 scrolls of teleportation
 D - 3 scrolls of identify
Potions
 g - 3 potions of flight
 h - 2 potions of might
 k - 12 potions of curing
 s - 6 potions of berserk rage
 w - 2 potions of cancellation
 z - a potion of ambrosia
 F - 4 potions of resistance
 G - 3 potions of heal wounds
 H - 2 potions of haste
 K - a potion of magic


   Skills:
 + Level 12.2 Fighting
 + Level 14.8(15.2) Axes
 + Level 1.5(10.5) Maces & Flails
 + Level 5.3(11.0) Polearms
 + Level 2.5 Throwing
 + Level 11.5 Armour
 + Level 6.4 Dodging
 + Level 8.4 Stealth


You had 13 spell levels left.
You didn't know any spells.
Your spell library was empty.

Dungeon Overview and Level Annotations

Branches:
Dungeon (11/15)            Temple (0/1) D:7            Lair (5/5) D:11
 Shoals (0/4) Lair:3       Spider (0/4) Lair:2        Slime (0/5) Lair:4
Ossuary (visited)
    Orc: D:9-12

Altars:
Elyvilon
Fedhas
Gozag
Kikubaaqudgha
Makhleb
Nemelex Xobeh
Okawaru
Ru
Trog
Xom
Yredelemnul
Jiyva

Shops:
D:4 =

Portals:
Abyss: D:5

Annotations:
D:5 2 transporters, Morbidden's ghost, novice VSBr
D:7 2 transporters
Lair:5 Rupert


Innate Abilities, Weirdness & Mutations

You are immune to sickness and miasma.
Your stone body is resilient. (AC +10)
You are immune to poison.
Your large and strong wings let you fly.
You resist negative energy. (rN+)
You are resistant to electric shocks. (rElec)
You are resistant to unholy torment.
You are immune to petrification.


Message History

A death yak comes into view.
Rupert hits you with a +2 great mace of protection!!
Your black bear bites itself!
Your black bear dies!
Your black bear's corpse disappears in a puff of smoke!
You puncture Rupert!
Rupert is lightly wounded.
Rupert hits you with a +2 great mace of protection!!
You barely miss Rupert.
Rupert is lightly wounded.
Rupert barely misses you.
Unknown command.
You puncture Rupert! You drain Rupert.
Rupert is lightly wounded.
You barely miss Rupert.
Rupert is lightly wounded.
Rupert hits you with a +2 great mace of protection!
You impale Rupert!!
Rupert is moderately wounded.
Rupert hits you with a +2 great mace of protection!!
* * * LOW HITPOINT WARNING * * *
You hear a bellow!
You puncture Rupert! You drain Rupert.
Rupert is moderately wounded.
You completely miss Rupert.
Rupert is moderately wounded.
Rupert barely misses you.
Unknown command.
You puncture Rupert! You drain Rupert.
Rupert is heavily wounded.
Rupert hits you with a +2 great mace of protection!!
* * * LOW HITPOINT WARNING * * *
You impale Rupert!! You drain Rupert!
Rupert is severely wounded.
A yak comes into view.
Unknown command.
You puncture Rupert! You drain Rupert.
Rupert is severely wounded.
Rupert hits you with a +2 great mace of protection!!
You die...

####### ###P##P.##
##........##
##...#......#
##...###.....#
###...## ##....#
.##Y@@### ###†.###
...Y.Y### ##..†##
.##...# ##..###
###..## #P..## ###
#..# ##..P# ##.###
#.###†..##
##....####....†...#
#......##P...P###..#
##......#...### #..#


You could see Rupert (berserk, drained), 2 death yaks and a yak.

Vanquished Creatures
  Gastronok (D:8)
  Josephine (Lair:5)
  Fannar (Lair:2)
  3 hydras
  A catoblepas (Lair:5)
  2 centaur warriors (D:8)
  A boulder beetle (D:8)
  9 death yaks
  Sonja (Lair:1)
  A skyshark (Lair:3)
  Pikel (D:5)
  2 ugly things (D:11)
  2 manticores (Lair:5)
  4 cyclopes (D:11)
  3 elephants (Lair:3)
  2 black mambas
  An eye of devastation (Lair:4)
  13 cane toads
  A gargoyle (D:11)
  7 komodo dragons
  A rime drake (Lair:4)
  A troll (D:11)
  2 polar bears
  A meliai (Lair:2)
  A hornet (D:8)
  Grinder (D:5)
  6 dream sheep
  8 blink frogs
  Sigmund (D:2)
  5 wraiths
  A shadow (D:10)
  4 hogs (D:7)
  5 wyverns
  A human (D:7)
  25 yaks
  5 basilisks
  A vampire mosquito (D:8)
  2 steam dragons
  2 acid dragons
  A floating eye (Lair:4)
  11 water moccasins
  An ice beast (D:7)
  3 orc warriors
  5 black bears
  11 wolves
  A lemure (D:5)
  10 centaurs
  3 ogres
  2 phantoms (D:4)
  3 kobold brigands
  Blork the orc (D:4)
  20 bullfrogs
  5 water moccasin zombies (Ossuary)
  4 scorpions
  A wight (D:8)
  9 killer bees
  4 electric eels
  9 howler monkeys
  2 hounds
  2 jellies
  4 orc priests
  3 sleepcaps
  Ijyb (D:5)
  5 iguanas
  8 orc wizards
  Natasha (twice) (D:3)
  2 mummies (Ossuary)
  8 adders
  4 gnolls (D:6)
  A shadow imp (D:5)
  7 adder zombies (Ossuary)
  A worm (D:2)
  4 dart slugs
  35 orcs
  5 bats
  8 endoplasms
  A giant cockroach (D:3)
  3 gnoll zombies (Ossuary)
  6 hobgoblins
  8 jackals
  4 quokkas
  5 ball pythons
  6 frilled lizards
  3 goblins
  4 hobgoblin zombies (Ossuary)
  15 kobolds
  6 kobold zombies (Ossuary)
  4 orc zombies (Ossuary)
  5 rats
406 creatures vanquished.

Vanquished Creatures (others)
  An ice beast (D:7)
  An orc wizard (D:6)
  A quokka (D:10)
3 creatures vanquished.

Grand Total: 409 creatures vanquished

Notes
Turn   | Place    | Note
-------+----------+-------------------------------------------
     0 | D:1      | Gargoyl the Gargoyle Berserker began the quest for the Orb.
     0 | D:1      | Reached XP level 1. HP: 14/14 MP: 1/1
    93 | D:1      | Reached XP level 2. HP: 7/19 MP: 2/2
   332 | D:1      | Reached skill level 3 in Axes
   568 | D:1      | Reached XP level 3. HP: 24/24 MP: 3/3
  1089 | D:2      | Noticed Sigmund
  1101 | D:2      | Killed Sigmund
  1102 | D:2      | Reached skill level 4 in Axes
  1102 | D:2      | Reached XP level 4. HP: 30/30 MP: 4/4
  1102 | D:2      | Reached XP level 5. HP: 34/34 MP: 5/5
  1105 | D:2      | Reached ** piety under Trog
  1229 | D:2      | Reached XP level 6. HP: 39/39 MP: 6/6
  1337 | D:2      | You fall into a shaft and drop 1 floor!
  1531 | D:2      | Found an ancient bone altar of Kikubaaqudgha.
  2097 | D:3      | Reached skill level 1 in Stealth
  2267 | D:3      | Noticed Natasha
  2272 | D:3      | Killed Natasha
  2273 | D:3      | Reached skill level 5 in Axes
  2432 | D:3      | Noticed Natasha
  2436 | D:3      | Killed Natasha
  2601 | D:3      | Found a shimmering altar of Xom.
  2604 | D:3      | Found a burning altar of Makhleb.
  2607 | D:3      | Found a sacrificial altar of Ru.
  2662 | D:4      | Reached XP level 7. HP: 30/44 MP: 7/7
  2744 | D:4      | Found Halloghu's Jewellery Boutique.
  2828 | D:4      | Reached skill level 6 in Axes
  2974 | D:4      | Reached skill level 5 in Fighting
  3404 | D:4      | Reached *** piety under Trog
  3622 | D:4      | Noticed Blork the orc
  3634 | D:4      | Killed Blork the orc
  3635 | D:4      | Reached XP level 8. HP: 29/49 MP: 8/8
  3641 | D:4      | Reached skill level 8 in Axes
  3641 | D:4      | Reached XP level 9. HP: 28/60 MP: 9/9
  3974 | D:5      | Entered Level 5 of the Dungeon
  4004 | D:5      | Noticed Pikel
  4008 | D:5      | Noticed Ijyb
  4026 | D:5      | Killed Pikel
  4027 | D:5      | Reached skill level 9 in Axes
  4035 | D:5      | Killed Ijyb
  4254 | D:5      | Noticed Grinder
  4261 | D:5      | Killed Grinder
  4348 | D:5      | Found a one-way gate to the infinite horrors of the Abyss.
  4348 | D:5      | Noticed Morbidden's ghost (novice VSBr)
  4349 | D:5      | Found a transporter.
  4413 | D:5      | Found a transporter.
  4968 | D:6      | Found a sand-covered staircase.
  5065 | Ossuary  | Entered an ossuary
  5108 | Ossuary  | Reached skill level 10 in Axes
  5108 | Ossuary  | Reached XP level 10. HP: 59/66 MP: 10/10
  5635 | D:7      | Found a staircase to the Ecumenical Temple.
  5868 | D:7      | Found a bloodstained altar of Trog.
  5891 | D:7      | Noticed an unseen horror
  5896 | D:7      | Found a transporter.
  5908 | D:7      | Found a transporter.
  6147 | D:7      | Found an ancient bone altar of Kikubaaqudgha.
  6147 | D:7      | Found a sparkling altar of Nemelex Xobeh.
  6147 | D:7      | Found an opulent altar of Gozag.
  6333 | D:8      | Noticed Gastronok
  6359 | D:8      | Killed Gastronok
  6360 | D:8      | Reached skill level 11 in Axes
  6521 | D:8      | Reached XP level 11. HP: 64/71 MP: 11/11
  6661 | D:8      | Noticed a death yak
  6705 | D:8      | Killed a death yak
  7227 | D:8      | Noticed a six-headed hydra
  7249 | D:8      | Killed a seven-headed hydra
  7250 | D:8      | Reached skill level 10 in Fighting
  7259 | D:8      | Noticed a centaur warrior
  7265 | D:8      | Reached **** piety under Trog
  7269 | D:8      | Noticed a centaur warrior
  7323 | D:8      | Killed a centaur warrior
  7324 | D:8      | Reached skill level 1 in Maces & Flails
  7444 | D:8      | Noticed a boulder beetle
  7472 | D:8      | Reached skill level 12 in Axes
  7494 | D:8      | Killed a centaur warrior
  7695 | D:8      | Killed a boulder beetle
  8021 | D:9      | Found a blossoming altar of Fedhas.
  8085 | D:9      | Found a basalt altar of Yredelemnul.
  8294 | D:10     | Entered Level 10 of the Dungeon
  8302 | D:10     | Reached skill level 1 in Throwing
  8337 | D:10     | Reached XP level 12. HP: 70/78 MP: 12/12
  8563 | D:10     | Found an iron altar of Okawaru.
  8762 | D:10     | Found a white marble altar of Elyvilon.
  9383 | D:11     | Found a staircase to the Lair.
  9612 | D:11     | Reached skill level 13 in Axes
  9612 | D:11     | Reached skill level 5 in Dodging
 10270 | D:11     | Reached skill level 10 in Armour
 10393 | Lair:1   | Entered Level 1 of the Lair of Beasts
 10409 | Lair:1   | Noticed Sonja
 10437 | Lair:1   | Killed Sonja
 11790 | Lair:2   | Found a hole to the Spider Nest.
 12204 | Lair:2   | Noticed Fannar
 12353 | Lair:2   | Killed Fannar
 12354 | Lair:2   | Reached XP level 13. HP: 84/84 MP: 13/13
 13024 | Lair:3   | Identified the +9 trident "Dups" {drain, Str+3 Int+4}
 13133 | Lair:3   | Reached skill level 1 in Polearms
 13228 | Lair:3   | Reached skill level 14 in Axes
 13414 | Lair:3   | Found a staircase to the Shoals.
 14390 | Lair:4   | Found a staircase to the Slime Pits.
 14390 | Lair:4   | Found a viscous altar of Jiyva.
 15240 | Lair:5   | Entered Level 5 of the Lair of Beasts
 15893 | Lair:4   | Gained mutation: Your large and strong wings let you fly.
                  | [Gargoyle growth]
 15893 | Lair:4   | Reached XP level 14. HP: 81/92 MP: 14/14
 15975 | Lair:5   | Noticed Josephine
 16019 | Lair:5   | Killed Josephine
 16321 | Lair:5   | Reached skill level 5 in Polearms
 16394 | Lair:5   | Noticed Rupert
 16413 | Lair:5   | Slain by Rupert

Illustrated notes

Levels and vault maps discovered:
D:1:      onia_arrival_pentagram, layout_basic, grunt_decor_mini_mirrors,
          nrook_campfire, palyth_stone_intersect
D:2:      layout_basic, basic_altar, uniq_sigmund
D:3:      layout_basic, grunt_temple_overflow_diamond, uniq_natasha
D:4:      layout_layer_cave, serial_shops, nicolae_shop_stone, minmay_ruptured,
          uniq_blork_the_orc
D:5:      layout_basic, gammafunk_ghost_abyssal_escape, uniq_grinder,
          uniq_pikel, uniq_ijyb
D:6:      layout_cave_pools, enter_ossuary_1
D:7:      layout_basic, gammafunk_temple_overflow_arena,
          gammafunk_temple_overflow_claw, minmay_temple_entry_mini_moons,
          grunt_livestock, kennysheep_small_square
D:8:      argonaut_augean_stables, layout_basic, serial_park_tiny_2,
          minmay_pinched_square, uniq_gastronok
D:9:      layout_rooms, mainiacjoe_overflow_catwalk_spiral
D:10:     layout_loops_ring, elyvilon_altar_4, okawaru_trees_1,
          chequers_serial_rivers_micro_c, nrook_mini_vaults, moated_statue
D:11:     layout_irregular_city, due_lair_maze_entry_diamond,
          gauntlet_entry_generic, hangedman_decor_push, lightli_minifort
Lair:1:   layout_gridlike, serial_bayou_shore_b, lemuel_fruit_tree,
          infiniplex_staircase_pool_2, grunt_megastairs_5, lemuel_fruit_fields,
          serial_bayou_shore_a, uniq_sonja
Lair:2:   layout_cellular_growth, hellmonk_spider_entry_not_the_bees,
          serial_bayou_ford_a, minivault_19, nicolae_quartered_pool_medium,
          serial_bayou_crossing, lemuel_fruit_fields, uniq_fannar
Lair:3:   layout_hall_layers, minmay_shoals_entry_centaurs, enter_volcano_2
Lair:4:   layout_regular_city, minmay_slime_entry_eyes
Lair:5:   evilmike_catoblepas_cave, layout_loops_ring,
          infiniplex_staircase_pool, uniq_josephine, uniq_rupert

Skill      XL: |  1  2  3  4  5  6  7  8  9 10 11 12 13 14 |
---------------+-------------------------------------------+-----
Axes           | 3 4 5 6 8 10 11 12 13 14 | 14.8
Fighting       | 4 5 8 9 10 11 12 | 12.2
Dodging        | 3 4 5 6 |  6.4
Stealth        | 1 7 8 |  8.4
Armour         | 3 7 8 9 10 11 | 11.5
Maces & Flails | 1 |  1.5
Throwing       | 1 2 |  2.5
Polearms       | 3 5 |  5.3

Action                     |  1- 3 |  4- 6 |  7- 9 | 10-12 | 13-15 || total
---------------------------+-------+-------+-------+-------+-------++-------
  Melee: Hand axe          |   115 |    96 |       |       |       ||   211
         Punch             |     1 |     2 |     3 |    13 |     8 ||    27
         War axe           |       |    28 |   216 |   815 |   259 ||  1318
         Flail             |       |       |       |     7 |       ||     7
         Trident           |       |       |       |       |   221 ||   221
  Throw: Dart              |       |       |     9 |    28 |     9 ||    46
 Invoke: Berserk           |     1 |     1 |     9 |    13 |     5 ||    29
         Trog's Hand       |       |       |     8 |    14 |     9 ||    31
         Brothers in Arms  |       |       |       |       |     2 ||     2
  Evoke: Wand              |       |       |       |     1 |       ||     1
    Use: Scroll            |     6 |       |     5 |    13 |     8 ||    32
         Potion            |       |       |     4 |     1 |       ||     5
   Stab: Sleeping          |       |       |     1 |     9 |     2 ||    12
         Paralysed         |       |       |       |     1 |       ||     1
 Armour: Animal skin       |    65 |    12 |       |       |       ||    77
         Plate armour      |       |    49 |    91 |       |       ||   140
         Scale mail        |       |       |    99 |   564 |   299 ||   962
         Skin              |       |       |    32 |       |       ||    32
  Dodge: Dodged            |   124 |    50 |   135 |   505 |   342 ||  1156

Table legend: (Time is in decaauts)
 A = Elapsed time spent in this place.
 B = Non-inter-level travel time spent in this place.
 C = Inter-level travel time spent in this place.
 D = Time resting spent in this place.
 E = Time spent auto-exploring this place.
 F = Levels seen in this place.
 G = Mean time per level.
                   A        B        C        D        E       F      G
               +--------+--------+--------+--------+--------+-----+--------+
         Total |  16607 |  16315 |    292 |    572 |  11834 |  17 |  976.9 |
       Dungeon |  10403 |  10177 |    226 |     39 |   7707 |  11 |  945.7 |
          Lair |   5984 |   5919 |     65 |    533 |   4050 |   5 | 1196.8 |
       Ossuary |    218 |    218 |      0 |      0 |     77 |   1 |  218.0 |
               +--------+--------+--------+--------+--------+-----+--------+

Top non-repeatable levels by time:
  Lair:4: 1930 daAuts
     D:8: 1568 daAuts
     D:4: 1384 daAuts
    D:11: 1333 daAuts
  Lair:2: 1314 daAuts
  Lair:1: 1155 daAuts
  Lair:3: 1056 daAuts
     D:3: 955 daAuts
     D:2: 909 daAuts
     D:1: 855 daAuts
     D:7: 777 daAuts
    D:10: 764 daAuts
     D:5: 749 daAuts
     D:6: 663 daAuts
  Lair:5: 528 daAuts
